 Dungeon Crawl Stone Soup version 0.29-a0-360-g8ed1089bbe (webtiles) character file.

Game seed: 16871336267873468604

7 Hubjo the Firebug (level 1, -1/11 HPs)
             Began as a Deep Elf Fire Elementalist on Apr 28, 2022.
             Was a Follower of Cheibriados.
             Slain by a rat (2 damage)
             ... on level 1 of the Dungeon.
             The game lasted 00:00:33 (519 turns).

Hubjo the Firebug (Deep Elf Fire Elementalist)       Turns: 519, Time: 00:00:34

Health: -1/11      AC:  2    Str:  7    XL:     1   Next: 83%
Magic:  1/6        EV: 13    Int: 21    God:    Cheibriados [*.....]
Gold:   20         SH:  0    Dex: 17    Spells: 5/6 levels left

rFire   . . .      SeeInvis .   (no weapon)
rCold   . . .      Faith    .   (no shield)
rNeg    . . .      Spirit   .   a - +0 robe
rPois   .          Reflect  .   (no helmet)
rElec   .          Harm     .   (no cloak)
rCorr   .          Rampage  .   (no gloves)
Will    .....                   (no boots)
Stlth   ++........              (no amulet)
HPRegen 0.03/turn               (no ring)
MPRegen 0.10/turn               (no ring)

@: very slow
A: no striking features
a: Renounce Religion, Bend Time


You were on level 1 of the Dungeon.
You worshipped Cheibriados.
Cheibriados was aware of your devotion.
You visited 1 branch of the dungeon, and saw 1 of its levels.

You collected 20 gold pieces.

Inventory:

Armour
 a - a +0 robe (worn)
Potions
 b - a potion of magic
 c - a potion of invisibility {unknown}
 d - a potion of berserk rage {unknown}
 e - a potion of mutation {unknown}
 f - a potion of heal wounds {unknown}


   Skills:
 * Level 0.5 Fighting
 - Level 2.4 Dodging
 + Level 2.6 Stealth
 + Level 3.1 Spellcasting
 - Level 1.1 Conjurations
 + Level 3.4 Fire Magic


You had 5 spell levels left.
You knew the following spells:

 Your Spells              Type           Power      Damage    Failure   Level
a - Foxfire               Conj/Fire      48%        2x1d6     5%          1

Your spell library contained the following spells:

 Spells                   Type           Power      Damage    Failure   Level
 Scorch                   Fire           34%        2d7       4%          2
 Conjure Flame            Conj/Fire      12%        6-21      16%         3
 Inner Flame              Hex/Fire       10%        N/A       21%         3
 Flame Wave               Conj/Fire      12%        2d6       45%         4


Dungeon Overview and Level Annotations

Branches:
Dungeon (1/15)

Altars:
Cheibriados


Message History

You conjure some foxfire!
The foxfire hits the gnoll.
The gnoll is moderately wounded.
The gnoll shouts!
There is not enough space to conjure foxfire!
There is not enough space to conjure foxfire!
There is not enough space to conjure foxfire!
There is not enough space to conjure foxfire!
The flow of time bends around you.
Your foxfire is unaffected. x2
Cheibriados rebukes the gnoll.
The gnoll seems to slow down.
The foxfire hits the gnoll.
The gnoll is heavily wounded.
The gnoll completely misses you.
The foxfire hits the gnoll.
The gnoll is almost dead.
A bat comes into view.
A rat comes into view.
The gnoll hits you with a +0 club.
You hit the gnoll but do no damage.
The gnoll is almost dead.
The gnoll hits you with a +0 club.
* * * LOW HITPOINT WARNING * * *
You closely miss the gnoll.
The gnoll is almost dead.
The bat hits you but does no damage.
You barely miss the gnoll.
The gnoll is almost dead.
The bat barely misses you. The gnoll barely misses you.
You hit the gnoll.
The gnoll is almost dead.
The bat barely misses you. The gnoll barely misses you.
You closely miss the gnoll.
The gnoll is almost dead.
The bat barely misses you. The gnoll hits you with a +0 club.
* * * LOW HITPOINT WARNING * * *
You hit the gnoll but do no damage.
The gnoll is almost dead.
The bat barely misses you. x2; The rat closely misses you.
You barely miss the gnoll.
The gnoll is almost dead.
The bat closely misses you. The gnoll barely misses you. The rat bites you.
You die...

.###########.#
.#...........#
#..#
.#.###########
#..# .#.# #..#
.#.# #..# ##.#
#..# #.# #..#
#.#############gr#
#..............@.#
################b#
.# .# .# .# .# .#


You could see a gnoll (slow), a bat and a rat.

Vanquished Creatures
  An endoplasm (D:1)
  2 goblins (D:1)
  2 jackals (D:1)
5 creatures vanquished.

Vanquished Creatures (others)
  37 foxfires (D:1)
37 creatures vanquished.

Grand Total: 42 creatures vanquished

Notes
Turn   | Place    | Note
-------+----------+-------------------------------------------
     0 | D:1      | Hubjo the Deep Elf Fire Elementalist began the quest for
                  | the Orb.
     0 | D:1      | Reached XP level 1. HP: 10/10 MP: 6/6
   190 | D:1      | Found a faded altar of an unknown god.
   204 | D:1      | Prayed at the altar of an unknown god.
   204 | D:1      | Became a worshipper of Cheibriados the Contemplative
   204 | D:1      | Reached * piety under Cheibriados
   519 | D:1      | Slain by a rat

Illustrated notes

Levels and vault maps discovered:
D:1:      matt_arrival_grand_opening, layout_basic,
          hellmonk_ecumenical_altar_crossroads, palyth_stone_intersect,
          nrook_uturn

Action                   || total
-------------------------++-------
Melee: Unarmed           ||    12
 Cast: Foxfire           ||    28
Invok: Bend Time         ||     1
Armor: Robe              ||     2
Dodge: Dodged            ||    24

Table legend: (Time is in decaauts)
 A = Elapsed time spent in this place.
 B = Non-inter-level travel time spent in this place.
 C = Inter-level travel time spent in this place.
 D = Time resting spent in this place.
 E = Time spent auto-exploring this place.
 F = Levels seen in this place.
 G = Mean time per level.
                   A        B        C        D        E       F      G
               +--------+--------+--------+--------+--------+-----+--------+
         Total |    545 |    545 |      0 |      0 |    464 |   1 |  545.0 |
       Dungeon |    545 |    545 |      0 |      0 |    464 |   1 |  545.0 |
               +--------+--------+--------+--------+--------+-----+--------+

Top non-repeatable levels by time:
     D:1: 545 daAuts
